 Dungeon Crawl Stone Soup version 0.31.0-10-gcf4a605ca0 (webtiles) character file.

Game seed: 3405838912836633235

7586 Flugkiller the Grappler (level 10, -2/98 HPs)
             Began as a Troll Enchanter on Jan 25, 2024.
             Was an Initiate of Ru.
             Slain by a killer bee (6 damage)
             ... on level 9 of the Dungeon.
             The game lasted 00:11:35 (6865 turns).

Flugkiller the Grappler (Troll Enchanter)           Turns: 6865, Time: 00:11:35

Health: -2/98      AC:  5    Str: 22    XL:     10   Next: 97%
Magic:  10/10      EV:  9    Int: 11    God:    Ru [......]
Gold:   506        SH:  0    Dex: 10    Spells: 11/11 levels left

rFire   . .          .
                       - Unarmed
rCold   . . .        (no shield)
rNeg    + . .        q - +1 robe
rPois   .            (helmet restricted)
rElec   +            (no cloak)
rCorr   +            (gloves unavailable)
SInv    .            (boots unavailable)
Will    .....        m - amulet of faith Stlth
                     l - ring of Life {rElec rCorr}
HPRegen 1.16/turn    j - ring of positive energy
MPRegen 0.12/turn

%: faith
@: lethally poisoned (-2 -> -2)
A: large, unfitting armour, claws 3, regeneration 1, shaggy fur 1, tough skin 1,
no stealth
a: Renounce Religion, Sacrifice Skill, Sacrifice Forms, Sacrifice Courage,
Reject Sacrifices


You were on level 9 of the Dungeon.
You worshipped Ru.
Ru was noncommittal.
You visited 2 branches of the dungeon, and saw 10 of its levels.
You also visited: Sewer.

You collected 506 gold pieces.

Inventory:

Hand Weapons
 a - a +1 dagger
Missiles
 h - 26 poisoned darts (quivered)
 n - 10 boomerangs
 t - 2 curare-tipped darts
Armour
 q - a +1 robe (worn)
   (You took it off Pikel on level 4 of the Dungeon)
Jewellery
 i - an amulet of guardian spirit
   (You found it on level 2 of the Dungeon)
 j - a ring of positive energy (right claw)
   (You found it on level 3 of the Dungeon)
 l - the ring of Life (left claw) {rElec rCorr}
   (You found it on level 3 of the Dungeon)

   [ring of resist corrosion]

   rElec:     It insulates you from electricity.
   rCorr:     It protects you from acid and corrosion.
 m - an amulet of faith (around neck)
   (You found it on level 3 of the Dungeon)
 p - a ring of protection from cold
   (You found it on level 4 of the Dungeon)
Talismans
 r - a maw talisman
   (You found it on level 5 of the Dungeon)
Wands
 b - a wand of light (15)
   (You found it on level 4 of the Dungeon)
 c - a wand of mindburst (3)
   (You found it on level 9 of the Dungeon)
 g - a wand of polymorph (3)
   (You took it off Terence on level 2 of the Dungeon)
 k - a wand of paralysis (5)
   (You took it off Ijyb on level 3 of the Dungeon)
 o - a wand of roots (7)
   (You found it on level 4 of the Dungeon)
 s - a wand of digging (2)
   (You found it on level 5 of the Dungeon)


   Skills:
 - Level 6.0 Fighting
 - Level 0.7 Short Blades
 - Level 8.0 Throwing
 - Level 1.5 Dodging
 - Level 10.0 Unarmed Combat
 - Level 1.2 Spellcasting
 - Level 2.0 Hexes
 - Level 5.0 Evocations
 + Level 3.1 Shapeshifting


You had 11 spell levels left.
You didn't know any spells.
Your spell library contained the following spells:

 Spells                   Type           Power      Damage    Failure   Level
 Jinxbite                 Hex            10%        N/A       22%         2
 Apportation              Tloc           0%         N/A       32%         1
 Foxfire                  Conj/Fire      0%         2x1d4     32%         1
 Necrotise                Necr           0%         1d4       32%         1
 Sting                    Conj/Alch      0%         1d3       32%         1
 Summon Small Mammal      Summ           0%         N/A       32%         1
 Ensorcelled Hibernation  Hex/Ice        4%         N/A       32%         2
 Confusing Touch          Hex            5%         N/A       38%         3
 Tukima's Dance           Hex            5%         N/A       38%         3
 Blink                    Tloc           0%         N/A       43%         2
 Lesser Beckoning         Tloc           0%         N/A       43%         2
 Momentum Strike          Conj/Tloc      0%         3d8       43%         2
 Dazzling Flash           Conj/Hex       4%         N/A       54%         3
 Call Canine Familiar     Summ           0%         N/A       67%         3
 Summon Blazeheart Golem  Fire/Summ      0%         N/A       97%         4
 Yara's Violent Unravell  Hex/Alch       1%         3d3       99%         5
 Plasma Beam              Fire/Air       0%         2x1d10    100%        6
 Starburst                Conj/Fire      0%         6d3       100%        6
 Enfeeble                 Hex            2%         N/A       100%        7


Dungeon Overview and Level Annotations

Branches:
Dungeon (9/15) Zot: 26745  Temple (1/1) D:6 Zot: 5965   Sewer (visited)
   Lair: D:8-11         Orc: D:9-12

Altars:
Ashenzari
Cheibriados
Dithmenos
Elyvilon
Fedhas
Gozag
Hepliaklqana
Kikubaaqudgha
Nemelex Xobeh
Okawaru
Qazlal
Ru
Sif Muna
Trog
Uskayaw
Vehumet
Wu Jian
Xom
Yredelemnul
Zin
The Shining One

Shops:
D:3 !   D:6 :(((

Annotations:
D:7 3 runed translucent doors, Amaterasu's ghost, novice DrSh


Innate Abilities, Weirdness & Mutations

You are too large for most types of armour.
You have claws for hands.
Your natural rate of healing is unusually fast.
You are covered in fur. (AC +1)
You have tough skin. (AC +1)
You cannot be stealthy.


Message History

An orc warrior opens the door.
You claw the killer bee!
The killer bee is heavily wounded.
You feel sick. The killer bee stings you.
You are more poisoned.
The killer bee poisons you!
You closely miss the killer bee.
The killer bee is heavily wounded.
You feel very sick. The killer bee stings you. The killer bee misses you.
You miss the killer bee.
The killer bee is heavily wounded.
You feel sick.
The killer bee stings you but does no damage.
The killer bee barely misses you.
You barely miss the killer bee.
The killer bee is heavily wounded.
You feel sick.
The killer bee stings you but does no damage.
You mangle the killer bee!!
You kill the killer bee!
You feel sick.
You barely miss the killer bee.
You feel sick. The killer bee stings you.
You are more poisoned.
The killer bee poisons you!
The killer bee stings you but does no damage.
You scratch the killer bee but do no damage.
You feel very sick. The killer bee stings you.
You closely miss the killer bee.
You feel very sick. The killer bee barely misses you.
The orc priest invokes the aid of Beogh against you.
Beogh smites you! The killer bee stings you.
You are too injured to fight recklessly!
You are too injured to fight recklessly!
You are too injured to fight recklessly!
You are too injured to fight recklessly!
You are too injured to fight recklessly!
You are too injured to fight recklessly!
You are too injured to fight recklessly!
You are too injured to fight recklessly!
You are too injured to fight recklessly!
You are too injured to fight recklessly!
You are too injured to fight recklessly!
You are too injured to fight recklessly!
You are too injured to fight recklessly!
You closely miss the killer bee. Your claw misses the killer bee.
You feel sick. The killer bee closely misses you. The killer bee stings you.
You feel sick.
The killer bee attacks as it pursues you!
The killer bee stings you but does no damage.
The orc priest calls down the wrath of Beogh upon you.
Beogh smites you!
You claw the killer bee! Your claw misses the killer bee.
The killer bee is severely wounded.
You feel sick. The killer bee stings you.
You are more poisoned.
The killer bee poisons you!
You closely miss the killer bee.
The killer bee is severely wounded.
You feel very sick. The killer bee stings you. x2
* * * LOW HITPOINT WARNING * * *
The killer bee stings you.
* * * LOW HITPOINT WARNING * * *
The killer bee barely misses you.
The orc priest mumbles some strange prayers to Beogh against you.
Beogh smites you!
* * * LOW HITPOINT WARNING * * *
You feel very sick.
The killer bee stings you but does no damage.
You aren't carrying any potions.
Unknown command.
You aren't carrying any scrolls.
Unknown command.
Aiming: Paralyse
Press: ? - help, Shift-Dir - straight line, f - killer bee
Aim: a killer bee (chance to affect: 70%)
The killer bee suddenly stops moving!
You feel sick. The killer bee stings you.
* * * LOW HITPOINT WARNING * * *
The killer bee closely misses you.
Aiming: Bolt of Light
Press: ? - help, Shift-Dir - straight line, f - orc priest, p - killer bee
Aim: an orc priest, wielding a +0 falchion and wearing a +0 leather armour (74% to hit)
The bolt of light misses the killer bee.
The bolt of light hits the orc priest!
You kill the orc priest!
You feel sick. The killer bee stings you.
* * * LOW HITPOINT WARNING * * *
The killer bee completely misses you.
Aiming: Fastroot
Press: ? - help, Shift-Dir - straight line, f - killer bee
Aim: a killer bee (paralysed)
The roots erupt in riotous growth!
Roots grab the killer bee. x2
The grasping roots constrict the killer bee.
The grasping roots constrict the killer bee!
You feel sick. The killer bee stings you.
You die...

#......#..#
###..#......#..#
#....#......#..#
#....#......#..#
#....####'###..#
#..............#
#..............#
#....y.#######.#
#...@y.# #.##
.######)# #..# ...
#†# #..# ...: #o#
#..# .....
'o#######..#
......#..........#
.o.y..'..........#
o..o.y#..........#
......#..........#


You could see 2 killer bees.

Vanquished Creatures
  Pikel (D:4)
  A hornet (D:8)
  Sigmund (D:3)
  A shadow (D:9)
  16 yaks
  A wyvern (D:7)
  A steam dragon (D:8)
  Menkaure (D:4)
  2 sky beasts
  An ice beast (D:6)
  3 black bears
  An ogre (D:5)
  5 centaurs
  A phantom (D:5)
  4 kobold brigands
  4 bullfrogs
  6 scorpions
  13 wights
  6 killer bees
  A bombardier beetle (D:4)
  5 hounds
  3 jellies
  An orc priest (D:9)
  Terence (D:2)
  Jessica (D:3)
  A gnoll bouda (D:5)
  3 sleepcaps
  3 iguanas
  Ijyb (D:3)
  Natasha (thrice) (D:3)
  Robin (D:4)
  8 gnolls
  6 adders
  5 river rats
  3 shadow imps
  A white imp (D:7)
  An ufetubus (D:5)
  A dart slug (D:1)
  6 ribbon worms
  13 orcs
  7 ball pythons
  5 bats
  11 endoplasms
  6 giant cockroaches
  11 hobgoblins
  14 kobolds
  A quokka (D:1)
  5 frilled lizards
  10 goblins
  7 rats
214 creatures vanquished.

Vanquished Creatures (others)
  A kobold (Sewer)
1 creature vanquished.

Grand Total: 215 creatures vanquished

Notes
Turn   | Place    | Note
-------+----------+-------------------------------------------
     0 | D:1      | Flugkiller the Troll Enchanter began the quest for the Orb.
     0 | D:1      | Reached XP level 1. HP: 16/16 MP: 1/1
    73 | D:1      | Reached skill level 1 in Unarmed Combat
    78 | D:1      | Reached XP level 2. HP: 24/26 MP: 2/2
   283 | D:1      | Reached skill level 1 in Fighting
   299 | D:1      | Reached skill level 2 in Unarmed Combat
   495 | D:2      | Reached XP level 3. HP: 33/33 MP: 3/3
   540 | D:2      | Noticed Terence
   549 | D:2      | Killed Terence
   572 | D:2      | Reached skill level 3 in Unarmed Combat
   572 | D:2      | Reached XP level 4. HP: 41/41 MP: 4/4
   743 | D:2      | You fall into a shaft and drop 1 floor!
  1211 | D:3      | Noticed Ijyb
  1220 | D:3      | Paralysed by Ijyb for 3 turns
  1231 | D:3      | Killed Ijyb
  1240 | D:3      | Identified the ring of Life {rElec rCorr}
  1262 | D:3      | Noticed Sigmund
  1269 | D:3      | Killed Sigmund
  1270 | D:3      | Reached skill level 4 in Unarmed Combat
  1270 | D:3      | Reached skill level 1 in Evocations
  1270 | D:3      | Reached XP level 5. HP: 40/50 MP: 2/5
  1270 | D:3      | Reached XP level 6. HP: 47/59 MP: 2/6
  1323 | D:3      | Noticed Natasha
  1334 | D:3      | Killed Natasha
  1439 | D:3      | Noticed a sky beast
  1445 | D:3      | Found a stormy altar of Qazlal.
  1478 | D:3      | Killed a sky beast
  1479 | D:3      | Reached skill level 5 in Unarmed Combat
  1508 | D:3      | Noticed Natasha
  1514 | D:3      | Killed Natasha
  1614 | D:3      | Found Hafam's Distillery.
  1631 | D:3      | Noticed Jessica
  1635 | D:3      | Killed Jessica
  1789 | D:3      | Noticed Natasha
  1812 | D:3      | Killed Natasha
  1813 | D:3      | Reached XP level 7. HP: 64/67 MP: 7/7
  1949 | D:4      | Noticed Robin
  1959 | D:4      | Killed Robin
  2135 | D:4      | Noticed Pikel
  2160 | D:4      | Killed Pikel
  2161 | D:4      | Reached skill level 6 in Unarmed Combat
  2161 | D:4      | Reached XP level 8. HP: 78/78 MP: 8/8
  2356 | D:4      | Reached skill level 7 in Unarmed Combat
  2645 | D:4      | Noticed Menkaure
  2652 | D:4      | Killed Menkaure
  2823 | D:5      | Entered Level 5 of the Dungeon
  3042 | D:5      | Reached skill level 8 in Unarmed Combat
  3050 | D:5      | Found a shimmering blue altar of Sif Muna.
  3150 | D:5      | Identified the +4 hand axe of Ususchui {flame, rElec rPois
                  | Int-5 Stlth+}
  3259 | D:5      | Reached XP level 9. HP: 83/87 MP: 9/9
  3282 | D:5      | Reached skill level 5 in Fighting
  3299 | D:5      | Reached skill level 9 in Unarmed Combat
  3305 | D:5      | Found a glowing drain.
  3316 | Sewer    | Entered a sewer
  3746 | D:5      | Reached skill level 1 in Throwing
  3944 | D:6      | Found Ibuoso's Antique Weapon Boutique.
  4074 | D:6      | Found Plog's Weapon Boutique.
  4106 | D:6      | Found a staircase to the Ecumenical Temple.
  4113 | Temple   | Entered the Ecumenical Temple
  4125 | Temple   | Became a worshipper of Ru the Awakened
  4623 | D:6      | Found Disuoromm's Book Emporium.
  4718 | D:6      | Found Mycsecios's Antique Weapon Boutique.
  4923 | D:7      | Reached skill level 10 in Unarmed Combat
  4952 | D:7      | Reached XP level 10. HP: 71/98 MP: 10/10
  4956 | D:7      | Reached skill level 5 in Evocations
  5285 | D:7      | Gained mutation: You cannot be stealthy. [Ru sacrifice]
  5609 | D:7      | Noticed a five-headed hydra
  5610 | D:7      | Noticed Amaterasu's ghost (novice DrSh)
  5617 | D:7      | Reached skill level 5 in Throwing
  5654 | D:7      | Found a runed translucent gate.
  5654 | D:7      | Found a runed translucent gate.
  5654 | D:7      | Found a runed translucent gate.
  6210 | D:8      | Found a hazy altar of Hepliaklqana.
  6712 | D:9      | Reached skill level 1 in Shapeshifting
  6864 | D:9      | HP: 4/98 [killer bee (3)]
  6865 | D:9      | Slain by a killer bee

Illustrated notes

Levels and vault maps discovered:
D:1:      psy_arrival_spokes, layout_rooms
D:2:      layout_loops_ring, uniq_terence
D:3:      layout_basic, nicolae_qazlal_beasts_of_the_sky, serial_shops, shop,
          uniq_sigmund, uniq_ijyb, uniq_jessica, uniq_natasha
D:4:      layout_loops_corners, minmay_misc_feat_doors,
          serial_library_hellmonk_open_cross, kennysheep_decorative_pillar,
          uniq_robin, uniq_pikel, uniq_menkaure
D:5:      minmay_general_purpose_star, layout_basic,
          hellmonk_sif_muna_bookshelves, portal_sewer_entry_e
D:6:      layout_gridville, temple_green, serial_shops,
          nicolae_shop_rolling_square, nicolae_shop_hallway_plus,
          nicolae_stop_n_shop_1, shop, nicolae_underground_beach
D:7:      layout_basic, gammafunk_ghost_split, st_stairs_9,
          hangedman_decor_opposing, minmay_statues_item
D:8:      layout_loops_cross, mainiacjoe_overflow_catwalk,
          chequers_serial_rivers_large_a
D:9:      layout_irregular_city, orc_0_dummy, gammafunk_ghost_split
Temple:   mainiacjoe_temple_coin_purse

Skill      XL: |  1  2  3  4  5  6  7  8  9 10 |
---------------+-------------------------------+-----
Unarmed Combat | 1 2 3 4 5 6 8 10 | 10.0
Fighting       | 1 2 3 4 5 6 |  6.0
Evocations     | 1 2 3 4 5 |  5.0
Throwing       | 2 8 |  8.0
Stealth        | 0 |  0.0
Shapeshifting  | 3 |  3.1
Short Blades   | |  0.7
Dodging        | |  1.5
Spellcasting   | |  1.2
Hexes          | |  2.0

Action                     |  1- 3 |  4- 6 |  7- 9 | 10-12 || total
---------------------------+-------+-------+-------+-------++-------
  Melee: Unarmed           |    66 |    98 |   306 |   206 ||   676
         Punch             |     1 |     2 |    13 |     9 ||    25
 Invoke: Sacrifice Stealth |       |       |       |     1 ||     1
  Evoke: Wand              |       |       |     1 |     5 ||     6
   Stab: Sleeping          |     2 |     4 |     2 |       ||     8
         Paralysed         |       |       |     4 |       ||     4
 Armour: Robe              |    46 |    51 |   202 |   158 ||   457
  Dodge: Dodged            |    27 |    40 |   111 |    78 ||   256
